Map: Overgrown Facility

Players

Faust - Winner!

  • Race: Zerg Zerg
  • League: Diamond
  • Spawn Location: 9:00

Throwfordays - Winner!

  • Race: Protoss Protoss
  • League: Silver
  • Spawn Location: 7:00

Doom

  • Race: Zerg Zerg
  • League: Diamond
  • Spawn Location: 1:00

Guillaume

  • Race: Terran Terran
  • League: Gold
  • Spawn Location: 3:00

VOD

Have the link to the VOD?

Description

Time

  • Played on: Feb. 5, 2019, 8:29 p.m.
  • Length: 9:10
Show
View Real Time Build Order
Export as new Build Order

Faust Zerg - Winner!

Build Orders: Hatch First, Zergling Baneling 

Get SALT Encoding   

  12  0:01  Drone  
  13  0:08  Drone  
  14  0:16  Extractor  
  14  0:17  Drone  
  15  0:23  Overlord  
  15  0:44  Drone  
  15  0:45  Drone  
  17  0:56  Hatchery  
  16  0:58  Drone  
  17  1:12  Spawning Pool  
  17  1:16  Drone  
  17  1:26  Overlord  
  17  1:28  Drone  
  17  1:30  Extractor  
  17  1:45  Drone  
  18  1:48  Drone  
  19  2:01  Queen  
  21  2:03  Overlord  
  21  2:07  Queen  
  23  2:08  Zergling x2  
  23  2:11  Zergling x2  
  25  2:20  Zergling x2  
  26  2:29  Drone  
  27  2:34  Metabolic Boost  
  27  2:36  Drone x2  
  29  2:43  Drone  
  29  2:44  Drone  
  31  2:51  Baneling Nest  
  31  2:54  Drone x2  
  32  3:09  Zergling x4  
  33  3:22  Zergling x12  
  33  3:23  Zergling x4  
  41  3:32  Overlord x2  
  41  3:36  Baneling x3  
  41  3:37  Baneling  
  41  4:04  Zergling x2  
  41  4:05  Zergling x18  
  47  4:38  Zergling x6  
  43  4:39  Zergling x18  
  53  4:52  Drone x2  
  55  4:54  Baneling  
  55  4:55  Baneling x6  
  55  4:56  Baneling  
  55  5:02  Evolution Chamber  
  55  5:06  Drone  
  56  5:07  Drone  
  54  5:17  Zergling x2  
  54  5:18  Zergling x2  
  54  5:30  Drone x5  
  55  5:38  Zerg Melee Weapons Level 1  
  55  5:42  Drone x3  
  53  5:43  Extractor  
  53  5:44  Extractor  
  49  6:01  Baneling  
  49  6:02  Baneling  
  48  6:05  Drone x2  
  48  6:07  Extractor  
  48  6:09  Drone x2  
  48  6:10  Drone x3  
  54  6:13  Overlord  
  45  6:30  Zergling x2  
  45  6:31  Zergling x12  
  51  6:41  Drone  
  51  6:43  Zergling x6  
  51  6:47  Lair  
  55  6:49  Drone x3  
  55  6:53  Baneling x4, Hatchery  
  57  6:57  Zergling x2  
  57  7:00  Drone  
  59  7:14  Zergling x2  
  59  7:15  Zergling x10  
  65  7:17  Zergling x6  
  65  7:19  Overlord  
  68  7:44  Drone  
  69  7:47  Evolution Chamber  
  68  7:53  Drone x2  
  68  7:55  Infestation Pit  
  68  7:56  Hydralisk Den  
  68  7:57  Drone  
  68  7:58  Drone x4  
  65  8:41  Baneling  
  65  8:48  Drone x5  
  68  8:55  Hatchery  
Show
View Real Time Build Order
Export as new Build Order

Throwfordays Protoss - Winner!

Build Orders: 1 Gate Expand 

Get SALT Encoding   

  12  0:03  Probe  
  13  0:15  Probe  
  13  0:18  Pylon  
  14  0:28  Probe  
  15  0:36  Gateway  
  15  0:40  Probe  
  16  0:52  Probe  
  17  1:14  Nexus  
  17  1:24  Cybernetics Core  
  17  1:29  Assimilator  
  17  1:37  Assimilator  
  17  1:42  Probe  
  17  1:43  Pylon  
  18  1:49  Warp Gate  
  18  1:55  Probe  
  19  2:07  Probe  
  20  2:19  Probe  
  21  2:23  Probe  
  22  2:31  Probe x2  
  24  2:38  Adept  
  24  2:40  Probe  
  24  2:43  Probe  
  28  2:46  Gateway  
  28  2:52  Probe  
  28  2:55  Probe  
  30  3:04  Probe  
  30  3:05  Adept  
  31  3:08  Probe  
  32  3:16  Probe  
  35  3:20  Probe  
  35  3:22  Gateway  
  36  3:28  Probe  
  36  3:30  Forge  
  36  3:32  Probe  
  38  3:40  Probe  
  39  3:47  Pylon  
  39  3:50  Probe x2  
  41  3:58  Probe x2  
  41  4:01  Assimilator  
  42  4:05  Assimilator  
  42  4:06  Probe  
  42  4:07  Probe  
  42  4:09  Stalker  
  45  4:10  Stalker  
  45  4:16  Gateway  
  49  4:18  Probe  
  49  4:19  Probe  
  51  4:30  Probe  
  52  4:31  Probe  
  52  4:36  Nexus  
  53  4:39  Robotics Facility  
  53  4:51  Pylon  
  53  4:53  Pylon  
  53  4:56  Pylon  
  53  5:02  Pylon  
  53  5:11  Robotics Facility  
  53  5:13  Adept x4  
  57  5:17  Assimilator  
  57  5:20  Assimilator  
  57  5:32  Immortal  
  61  5:41  Robotics Facility  
  61  5:45  Robotics Facility  
  61  5:47  Robotics Bay  
  61  5:56  Protoss Ground Weapons Level 1  
  61  6:05  Immortal  
  61  6:08  Probe  
  62  6:11  Immortal  
  62  6:17  Pylon  
  58  6:20  Probe  
  59  6:28  Immortal  
  63  6:33  Probe  
  63  6:34  Extended Thermal Lance, Probe  
  63  6:39  Colossus  
  65  6:45  Probe  
  65  6:46  Probe  
  73  6:57  Probe  
  73  6:58  Probe  
  73  7:00  Colossus  
  81  7:09  Probe x2  
  81  7:10  Probe  
  81  7:13  Pylon  
  84  7:21  Probe x2  
  84  7:22  Probe  
  87  7:33  Probe, Immortal  
  87  7:34  Twilight Council, Probe  
  87  7:35  Forge  
  93  7:38  Immortal  
  93  7:42  Colossus  
  103  7:45  Probe  
  103  7:46  Probe  
  103  7:48  Probe  
  106  7:58  Probe  
  107  8:00  Probe  
  108  8:05  Stalker x3  
  108  8:06  Stalker  
  108  8:12  Probe  
  117  8:20  Nexus  
  117  8:42  Pylon  
  117  8:44  Pylon  
  117  8:46  Pylon  
Show
View Real Time Build Order
Export as new Build Order

Doom Zerg 

Build Orders: Hatch First 

Get SALT Encoding   

  12  0:01  Drone  
  13  0:08  Drone  
  14  0:18  Overlord  
  14  0:36  Drone x2  
  14  0:37  Drone  
  17  0:48  Drone  
  18  0:58  Hatchery  
  18  1:00  Drone  
  18  1:06  Extractor  
  17  1:19  Spawning Pool  
  17  1:22  Drone x2  
  19  1:32  Drone  
  19  1:45  Drone  
  20  1:56  Drone  
  21  2:09  Overlord  
  21  2:10  Queen  
  23  2:15  Queen  
  23  2:22  Drone x3  
  28  2:29  Zergling x2  
  29  2:34  Zergling x2  
  29  2:35  Zergling x2  
  31  2:46  Lair  
  31  2:51  Queen  
  31  2:55  Drone, Evolution Chamber  
  31  2:56  Evolution Chamber  
  31  2:58  Drone  
  33  3:22  Overlord  
  33  3:23  Overlord  
  33  3:25  Overlord  
  33  3:36  Zerg Missile Weapons Level 1  
  33  3:40  Zerg Ground Armor Level 1  
  33  3:42  Drone x2  
  33  3:43  Drone, Roach Warren  
  33  3:45  Drone  
  36  3:48  Extractor  
  35  3:57  Drone x4  
  39  4:07  Overseer  
  39  4:14  Overlord  
  27  4:36  Roach  
  27  4:37  Roach x5  
  32  4:39  Roach  
  34  4:47  Roach  
  36  4:53  Drone x2  
  38  5:09  Drone  
  38  5:10  Drone x3  
  42  5:18  Glial Reconstitution  
  38  5:35  Spine Crawler x2  
  12  6:17  Hatchery  
  8  6:24  Drone  
  9  6:32  Drone  
  10  6:40  Drone  
  10  6:46  Drone  
  12  6:53  Drone  
  13  7:08  Drone  
  13  7:09  Drone  
  15  7:16  Drone x2  
  15  7:19  Queen  
  15  7:20  Drone x3  
  22  7:32  Drone x2  
  22  7:33  Drone  
  25  7:38  Drone  
  25  7:43  Drone  
  27  7:45  Drone  
  28  7:54  Drone x2  
  30  8:00  Queen  
  32  8:22  Spore Crawler  
  32  8:24  Drone x2  
  32  8:25  Spore Crawler  
  32  8:29  Spore Crawler  
  32  8:30  Spore Crawler, Drone x3  
  32  8:31  Drone x2  
  32  8:33  Drone  
  36  8:44  Overlord  
Show
View Real Time Build Order
Export as new Build Order

Guillaume Terran 

Build Orders:  

Get SALT Encoding   

  12  0:09  SCV  
  13  0:21  SCV  
  13  0:25  Supply Depot  
  14  0:34  SCV  
  15  0:47  SCV  
  15  0:48  Barracks  
  16  0:59  SCV  
  16  1:01  Supply Depot  
  17  1:11  SCV  
  17  1:15  Barracks  
  17  1:18  Refinery  
  18  1:23  SCV  
  19  1:34  Barracks  
  19  1:54  Marine  
  19  1:56  Orbital Command  
  20  2:04  Marine  
  21  2:12  Marine, Barracks  
  22  2:22  SCV  
  23  2:27  Supply Depot, Barracks Tech Lab  
  23  2:28  Marine  
  24  2:32  Marine  
  25  2:39  SCV  
  26  2:48  Marine  
  26  2:50  Marauder  
  29  2:51  Marine, SCV  
  29  2:54  Concussive Shells  
  31  3:00  Marine  
  32  3:09  Marine  
  32  3:10  Marine  
  32  3:12  SCV  
  35  3:16  Marauder  
  37  3:22  Supply Depot  
  37  3:26  Barracks Reactor  
  37  3:28  Marine x2  
  39  3:44  Marauder  
  41  3:48  SCV  
  41  3:49  Factory  
  41  3:55  Marine x2  
  44  4:05  Marine, Marauder  
  44  4:06  Refinery  
  47  4:12  Supply Depot  
  47  4:16  Barracks Reactor  
  47  4:33  Marine x3  
  47  4:34  Marauder  
  47  4:36  Supply Depot  
  52  4:51  Marine x2  
  52  4:52  Marine  
  55  4:57  Marine x2  
  57  5:00  Widow Mine  
  59  5:08  SCV  
  53  5:19  Marine x2  
  53  5:20  Marine  
  43  5:23  Marine x2, Marauder  
  47  5:35  Command Center  
  47  5:41  Marine x2  
  49  5:51  SCV  
  50  5:58  Barracks Tech Lab  
  50  6:10  Marine x5  
  55  6:12  Siege Tank  
  56  6:22  Marine  
  57  6:28  Marine x5  
  57  6:31  SCV  
  60  6:44  Siege Tank  
  60  6:46  SCV  
  64  6:50  Bunker  
  64  7:20  Supply Depot  
  64  7:21  Orbital Command  
  64  7:24  SCV  
  65  7:36  SCV  
  66  7:37  Marine x3  
  66  7:38  Marine x3, Supply Depot  
  66  7:43  Supply Depot  
  72  7:48  SCV  
  72  7:50  Combat Shield  
  73  7:55  Marine  
  73  7:57  Starport  
  74  8:01  Factory  
  74  8:03  Marine x2  
  76  8:16  SCV  
  77  8:22  Engineering Bay  
  77  8:24  SCV  
  77  8:26  Engineering Bay  
Tags
 
Add a new tag
Caveats
  • Supply blocks, unpowered buildings, or Contaminate may cause inaccurate times.
  • Supply counts are checked every 10 seconds.